Blues vs Lightning

Created - 18 novembre 2017 at 18:06

Goals
1 2 3 T
Blues 1 0 1 2
Lightning 2 2 1 5
Shots
1 2 3 T
Blues 11 8 10 29
Lightning 14 14 9 37

1st period

1. Lightning , Tobias Rieder 6 (Travis Zajac 9) at 1:24
2. Lightning , Tobias Rieder 7 (Travis Zajac 10) at 4:54
3. Blues , Rick Nash 7 (Marian Hossa 10, Mike Fisher 12) at 10:19

Penalties :
Carl Gunnarsson (STL) for Holding (Minor) at 6:09, Niklas Kronwall (STL) for Hooking (Minor) at 10:29

2nd period

4. Lightning , Andrej Sekera 5 (Henrik Zetterberg 20, Jeff Carter 21) at 2:05 (PP)
5. Lightning , Travis Zajac 6 (Trevor Daley 9, Tobias Rieder 11) at 2:29

Penalties :
Mike Fisher (STL) for Holding (Minor) at 1:52, Michael Raffl (STL) for Slashing (Minor) at 18:12

3rd period

6. Lightning , Trevor Daley 5 (Jeff Carter 22) at 0:04 (PP)
7. Blues , Brian Gionta 4 (Jay McClement 8) at 10:35

Penalties :
No Penalty

Goalie Stats

Antti Niemi (STL), 19 saves from 20 shots - (0.950), 37:31 minutes
Ryan Miller (STL), 13 saves from 17 shots - (0.765), L, 1-2-0, 22:29 minutes
Kari Lehtonen (TBL), 27 saves from 29 shots - (0.931), W, 12-7-3, 60:00 minutes

Players Stats for Blues

Player Name              G  A  P  +/- PIM S  H  SB GA TA FO     MP     PP MP  PK MP  
------------------------------------------------------------------------------------
Brian Flynn              0  0  0  -1  0   1  1  0  0  0  1/2    16:17   0:00   1:36 
Brian Gionta             1  0  1  -1  0   4  0  1  0  0  1/2    16:45   0:00   2:00 
Cal Clutterbuck          0  0  0   0  0   3  1  0  0  0  1/2     8:37   0:00   1:09 
Carl Gunnarsson          0  0  0   0  2   0  2  0  0  0  0/0    17:45   0:00   0:53 
Chris Wideman            0  0  0   0  0   1  0  1  0  0  0/0    17:17   0:00   0:00 
Clarke MacArthur         0  0  0   0  0   0  0  0  0  0  0/0     8:48   0:00   0:51 
Jay Bouwmeester          0  0  0  -2  0   1  1  0  0  0  0/0    23:41   0:00   3:18 
Jay McClement            0  1  1  -1  0   2  0  1  0  0  9/21   14:41   0:00   0:00 
Jiri Hudler              0  0  0   0  0   0  0  0  0  0  1/1     1:38   0:00   0:00 
John-Michael Liles       0  0  0   1  0   0  0  1  0  0  0/0    18:52   0:00   2:45 
Kris Versteeg            0  0  0   0  0   2  0  0  0  0  0/0    15:39   0:00   0:00 
Marian Hossa             0  1  1   0  0   4  0  1  0  0  1/2    19:26   0:00   2:59 
Matt Irwin               0  0  0   1  0   0  1  1  0  0  0/0    18:52   0:00   2:45 
Michael Raffl            0  0  0   0  2   2  0  0  0  0  0/1    15:20   0:00   0:00 
Mike Fisher              0  1  1   0  2   4  3  1  0  0  17/31  24:10   0:00   1:36 
Nick Cousins             0  0  0   0  0   0  0  0  0  0  2/10   15:21   0:00   0:00 
Niklas Kronwall          0  0  0  -2  2   0  2  3  0  0  0/0    21:52   0:00   2:25 
Rick Nash                1  0  1   0  0   5  1  0  0  0  0/2    18:52   0:00   1:55 

Players Stats for Lightning

Player Name              G  A  P  +/- PIM S  H  SB GA TA FO     MP     PP MP  PK MP  
------------------------------------------------------------------------------------
Andrej Sekera            1  0  1   0  0   3  0  1  0  0  0/0    25:08   2:50   0:00 
Brad Hunt                0  0  0   1  0   0  0  1  0  0  0/0     0:59   0:00   0:00 
Erik Gudbranson          0  0  0   0  0   1  1  0  0  0  0/0    18:48   0:16   0:00 
Henrik Sedin             0  0  0  -1  0   1  2  0  0  0  11/22  20:27   3:18   0:00 
Henrik Zetterberg        0  1  1  -1  0   3  1  0  0  0  1/2    21:24   2:45   0:00 
Jeff Carter              0  2  2   0  0   7  1  0  0  0  12/23  19:23   2:45   0:00 
Johnny Gaudreau          0  0  0  -1  0   2  0  0  0  0  0/0    18:52   3:18   0:00 
Kevin Klein              0  0  0   0  0   2  1  1  0  0  0/0    23:35   3:13   0:00 
Kyle Quincey             0  0  0   1  0   0  1  0  0  0  0/0    21:14   2:57   0:00 
Matt Hendricks           0  0  0   3  0   0  2  0  0  0  1/3    13:04   0:00   0:00 
Patric Hornqvist         0  0  0   0  0   2  0  0  0  0  1/1    19:23   2:45   0:00 
Remi Elie                0  0  0  -1  0   0  0  0  0  0  0/0    10:03   0:00   0:00 
Teddy Purcell            0  0  0  -1  0   2  0  0  0  0  1/2    10:03   0:00   0:00 
Tobias Rieder            2  1  3   3  0   4  0  0  0  0  0/0    12:54   0:00   0:00 
Travis Zajac             1  2  3   3  0   3  0  0  0  0  9/12   13:22   0:00   0:00 
Trevor Daley             1  1  2   1  0   3  2  2  0  0  0/0    22:41   2:50   0:00 
Troy Brouwer             0  0  0  -1  0   3  1  0  0  0  1/1    18:13   3:18   0:00 
Vernon Fiddler           0  0  0  -1  0   1  1  0  0  0  4/8    10:27   0:00   0:00 

3 Stars

1 - Tobias Rieder (TBL)
2 - Travis Zajac (TBL)
3 - Trevor Daley (TBL)

Power Play

Blues - 0 on 0 Attempt(s) - 0.00%
Lightning - 2 on 4 Attempt(s) - 50.00%

Penalty Kill

Blues - 2 on 4 Attempt(s) - 50.00% - Score 0 goal in Penalty Kill
Lightning - 0 on 0 Attempt(s) - 0.00% - Score 0 goal in Penalty Kill

Team Stat

Blues - Hits : 12 - Faceoff Wins : 33 - Blocked Shots : 10 - Penalty Minutes : 8
Lightning - Hits : 13 - Faceoff Wins : 41 - Blocked Shots : 5 - Penalty Minutes : 0

Official

Referees : Steve Kozari and Kevin Pollock
Linesman : Michel Cormier and Mark Shewchyk

Game Notes

Brad Hunt is injured at 2:19 of 1st period (Strained Left Knee)
Antti Niemi enters game at 2:29 of 2nd period

Finance

Level 1 -- Attendance: 5720 (88.00%) -- Ticket Income 629 200 $
Level 2 -- Attendance: 3422 (68.44%) -- Ticket Income 325 090 $
Level 3 -- Attendance: 2026 (57.89%) -- Ticket Income 151 950 $
Level 4 -- Attendance: 2177 (67.95%) -- Ticket Income 97 965 $
Luxury Box -- Attendance: 479 (47.90%) -- Ticket Income 172 440 $
Game was played at the Amalie Arena.
Total Attendance: 13824 (71.99%)
Total Ticket Income: 1 376 645 $
Other Income: 206 497 $
Total Income: 1 583 142 $

% Time on Ice - Blues

Lines # - Real PCT - Wanted PCT - Time Play
Normal Forward
1 - 30% - 40% - 16:27
2 - 27% - 30% - 14:41
3 - 29% - 20% - 15:39
4 - 13% - 10% - 7:10
Normal Defense
1 - 37% - 40% - 19:47
2 - 29% - 30% - 15:33
3 - 31% - 20% - 16:53
4 - 3% - 10% - 1:44
PP Forward
1 - 0% - 60%
2 - 0% - 40%
PP Defense
1 - 0% - 60%
2 - 0% - 40%
PK Forward
1 - 67% - 60% - 4:03
2 - 33% - 40% - 2:00
PK Defense
1 - 55% - 60% - 3:18
2 - 45% - 40% - 2:45
PK3 Forward
1 - 0% - 60%
2 - 0% - 40%
PK3 Defense
1 - 0% - 60%
2 - 0% - 40%
44 Forward
1 - 0% - 60%
2 - 0% - 40%
44 Defense
1 - 0% - 60%
2 - 0% - 40%
Last Minute Offensive  - 0:00
Last Minute Defensive  - 0:00
Total
Forward - 60:00
Defense - 60:00

% Time on Ice - Lightning

Lines # - Real PCT - Wanted PCT - Time Play
Normal Forward
1 - 31% - 40% - 16:38
2 - 28% - 30% - 14:55
3 - 23% - 20% - 12:21
4 - 19% - 10% - 10:03
Normal Defense
1 - 23% - 40% - 12:13
2 - 27% - 30% - 14:35
3 - 48% - 20% - 25:49
4 - 2% - 10% - 1:20
PP Forward
1 - 45% - 50% - 2:45
2 - 55% - 50% - 3:18
PP Defense
1 - 47% - 50% - 2:50
2 - 53% - 50% - 3:13
PK Forward
1 - 0% - 60%
2 - 0% - 40%
PK Defense
1 - 0% - 60%
2 - 0% - 40%
PK3 Forward
1 - 0% - 60%
2 - 0% - 40%
PK3 Defense
1 - 0% - 60%
2 - 0% - 40%
44 Forward
1 - 0% - 60%
2 - 0% - 40%
44 Defense
1 - 0% - 60%
2 - 0% - 40%
Last Minute Offensive  - 0:00
Last Minute Defensive  - 0:00
Total
Forward - 60:00
Defense - 60:00

Play by Play

1st period


0:01 of 1st period - Mike Fisher wins face-off versus Jeff Carter in neutral zone.
0:05 of 1st period - Marian Hossa is hit by Henrik Zetterberg and loses puck.
0:10 of 1st period - Shot by Jeff Carter.
0:10 of 1st period - Stopped by Ryan Miller without a rebound.
0:11 of 1st period - Jay McClement wins face-off versus Henrik Sedin in Blues zone.
1:20 of 1st period - Shot by Jeff Carter.
1:20 of 1st period - Stopped by Ryan Miller without a rebound.
1:21 of 1st period - Travis Zajac wins face-off versus Mike Fisher in Blues zone.
1:24 of 1st period - Shot by Tobias Rieder.
1:24 of 1st period - Goal by Tobias Rieder - Blues : 0 - Lightning : 1.
1:25 of 1st period - Mike Fisher wins face-off versus Travis Zajac in neutral zone.
1:46 of 1st period - Shot by Mike Fisher.
1:46 of 1st period - Shot Misses the Net.
1:48 of 1st period - Shot by Jay Bouwmeester.
1:48 of 1st period - Shot Misses the Net.
1:58 of 1st period - Rick Nash is hit by Matt Hendricks and loses puck.
2:19 of 1st period - Shot by Chris Wideman.
2:19 of 1st period - Shot Blocked by Brad Hunt.
2:19 of 1st period - Brad Hunt from Lightning is injured at 2:19 of 1st period (Strained Left Knee).
2:20 of 1st period - Jeff Carter wins face-off versus Jay McClement in Lightning zone.
2:40 of 1st period - Shot by Henrik Zetterberg.
2:40 of 1st period - Deflect By Jeff Carter.
2:40 of 1st period - Stopped by Ryan Miller with a rebound.
2:56 of 1st period - Shot by Henrik Zetterberg.
2:56 of 1st period - Shot Blocked by Brian Gionta.
3:49 of 1st period - Shot by Teddy Purcell.
3:49 of 1st period - Stopped by Ryan Miller without a rebound.
3:50 of 1st period - Mike Fisher wins face-off versus Henrik Sedin in Blues zone.
3:58 of 1st period - Shot by Rick Nash.
3:58 of 1st period - Stopped by Kari Lehtonen without a rebound.
3:59 of 1st period - Henrik Sedin wins face-off versus Mike Fisher in Lightning zone.
3:59 of 1st period - Troy Brouwer is hit by Mike Fisher and loses puck.
4:04 of 1st period - Shot by Mike Fisher.
4:04 of 1st period - Stopped by Kari Lehtonen with a rebound.
4:20 of 1st period - Shot by Clarke MacArthur.
4:20 of 1st period - Deflect By Mike Fisher.
4:20 of 1st period - Stopped by Kari Lehtonen without a rebound.
4:21 of 1st period - Mike Fisher wins face-off versus Teddy Purcell in Lightning zone.
4:28 of 1st period - Shot by Marian Hossa.
4:28 of 1st period - Stopped by Kari Lehtonen without a rebound.
4:29 of 1st period - Travis Zajac wins face-off versus Jay McClement in Lightning zone.
4:54 of 1st period - Shot by Tobias Rieder.
4:54 of 1st period - Goal by Tobias Rieder - Blues : 0 - Lightning : 2.
4:55 of 1st period - Jeff Carter wins face-off versus Rick Nash in neutral zone.
5:04 of 1st period - Shot by Jeff Carter.
5:04 of 1st period - Stopped by Ryan Miller without a rebound.
5:05 of 1st period - Henrik Sedin wins face-off versus Mike Fisher in Blues zone.
6:05 of 1st period - Jeff Carter is hit by Carl Gunnarsson and loses puck.
6:09 of 1st period - Minor Penalty to Carl Gunnarsson for Holding.
6:10 of 1st period - Brian Flynn wins face-off versus Henrik Zetterberg in Blues zone.
6:18 of 1st period - Icing by Kevin Klein.
6:19 of 1st period - Jeff Carter wins face-off versus Brian Flynn in Lightning zone.
6:35 of 1st period - Shot by Patric Hornqvist.
6:35 of 1st period - Stopped by Ryan Miller without a rebound.
6:36 of 1st period - Mike Fisher wins face-off versus Henrik Sedin in Blues zone.
9:20 of 1st period - Icing by Mike Fisher.
9:21 of 1st period - Jeff Carter wins face-off versus Mike Fisher in Blues zone.
9:40 of 1st period - Shot by Mike Fisher.
9:40 of 1st period - Shot Misses the Net.
9:42 of 1st period - Shot by Jay Bouwmeester.
9:42 of 1st period - Shot Misses the Net.
10:01 of 1st period - Shot by Brian Flynn.
10:01 of 1st period - Stopped by Kari Lehtonen without a rebound.
10:02 of 1st period - Henrik Sedin wins face-off versus Mike Fisher in Lightning zone.
10:17 of 1st period - Shot by Rick Nash.
10:17 of 1st period - Shot Blocked by Andrej Sekera.
10:19 of 1st period - Shot by Rick Nash.
10:19 of 1st period - Goal by Rick Nash - Blues : 1 - Lightning : 2.
10:20 of 1st period - Travis Zajac wins face-off versus Jay McClement in neutral zone.
10:26 of 1st period - Shot by Travis Zajac.
10:26 of 1st period - Stopped by Ryan Miller with a rebound.
10:29 of 1st period - Minor Penalty to Niklas Kronwall for Hooking.
10:30 of 1st period - Henrik Sedin wins face-off versus Mike Fisher in Blues zone.
10:53 of 1st period - Icing by Kyle Quincey.
10:54 of 1st period - Mike Fisher wins face-off versus Henrik Sedin in Lightning zone.
12:09 of 1st period - Shot by Henrik Sedin.
12:09 of 1st period - Stopped by Ryan Miller with a rebound.
12:11 of 1st period - Shot by Kevin Klein.
12:11 of 1st period - Stopped by Ryan Miller without a rebound.
12:12 of 1st period - Henrik Sedin wins face-off versus Marian Hossa in Blues zone.
12:15 of 1st period - Shot by Andrej Sekera.
12:15 of 1st period - Shot Misses the Net.
12:17 of 1st period - Shot by Andrej Sekera.
12:17 of 1st period - Stopped by Ryan Miller without a rebound.
12:18 of 1st period - Mike Fisher wins face-off versus Jeff Carter in Blues zone.
13:32 of 1st period - Shot by Jay McClement.
13:32 of 1st period - Stopped by Kari Lehtonen without a rebound.
13:33 of 1st period - Jeff Carter wins face-off versus Mike Fisher in Lightning zone.
13:53 of 1st period - Mike Fisher is hit by Trevor Daley and loses puck.
13:58 of 1st period - Shot by Rick Nash.
13:58 of 1st period - Shot Misses the Net.
14:06 of 1st period - Shot by Rick Nash.
14:06 of 1st period - Shot Blocked by Trevor Daley.
14:13 of 1st period - Icing by Patric Hornqvist.
14:14 of 1st period - Jeff Carter wins face-off versus Jay McClement in Lightning zone.
14:23 of 1st period - Shot by Brian Gionta.
14:23 of 1st period - Shot Blocked by Trevor Daley.
14:29 of 1st period - Shot by Jay McClement.
14:29 of 1st period - Stopped by Kari Lehtonen with a rebound.
14:31 of 1st period - Shot by Chris Wideman.
14:31 of 1st period - Shot Misses the Net.
14:33 of 1st period - Shot by Jay McClement.
14:33 of 1st period - Shot Misses the Net.
14:37 of 1st period - Shot by Brian Gionta.
14:37 of 1st period - Stopped by Kari Lehtonen without a rebound.
14:38 of 1st period - Mike Fisher wins face-off versus Henrik Sedin in Lightning zone.
14:39 of 1st period - Shot by Cal Clutterbuck.
14:39 of 1st period - Shot Misses the Net.
15:00 of 1st period - Shot by Johnny Gaudreau.
15:00 of 1st period - Shot Misses the Net.
15:02 of 1st period - Shot by Kevin Klein.
15:02 of 1st period - Shot Misses the Net.
15:38 of 1st period - Shot by Teddy Purcell.
15:38 of 1st period - Stopped by Ryan Miller without a rebound.
15:39 of 1st period - Travis Zajac wins face-off versus Jay McClement in Blues zone.
15:58 of 1st period - Shot by Tobias Rieder.
15:58 of 1st period - Shot Blocked by John-Michael Liles.
17:09 of 1st period - Shot by Michael Raffl.
17:09 of 1st period - Stopped by Kari Lehtonen without a rebound.
17:10 of 1st period - Henrik Sedin wins face-off versus Mike Fisher in Lightning zone.
17:20 of 1st period - Icing by Jay Bouwmeester.
17:21 of 1st period - Mike Fisher wins face-off versus Jeff Carter in Blues zone.
17:44 of 1st period - Shot by Marian Hossa.
17:44 of 1st period - Stopped by Kari Lehtonen without a rebound.
17:45 of 1st period - Henrik Sedin wins face-off versus Nick Cousins in Lightning zone.
18:08 of 1st period - Shot by Johnny Gaudreau.
18:08 of 1st period - Stopped by Ryan Miller with a rebound.
19:19 of 1st period - Shot by Travis Zajac.
19:19 of 1st period - Deflect By Tobias Rieder.
19:19 of 1st period - Shot Blocked by Niklas Kronwall.
Goals for this period are 1 for Blues vs 2 for Lightning.
Shots for this period are 11 for Blues vs 14 for Lightning.

2nd period


0:01 of 2nd period - Mike Fisher wins face-off versus Jeff Carter in neutral zone.
0:13 of 2nd period - Shot by Henrik Zetterberg.
0:13 of 2nd period - Shot Misses the Net.
0:28 of 2nd period - Rick Nash is hit by Trevor Daley and loses puck.
0:31 of 2nd period - Shot by Marian Hossa.
0:31 of 2nd period - Shot Misses the Net.
0:33 of 2nd period - Shot by Rick Nash.
0:33 of 2nd period - Stopped by Kari Lehtonen without a rebound.
0:34 of 2nd period - Henrik Sedin wins face-off versus Jay McClement in Lightning zone.
0:43 of 2nd period - Off-side.
0:44 of 2nd period - Travis Zajac wins face-off versus Nick Cousins in neutral zone.
1:03 of 2nd period - Icing by Kris Versteeg.
1:04 of 2nd period - Jeff Carter wins face-off versus Nick Cousins in Blues zone.
1:22 of 2nd period - Icing by Chris Wideman.
1:23 of 2nd period - Henrik Sedin wins face-off versus Nick Cousins in Blues zone.
1:52 of 2nd period - Minor Penalty to Mike Fisher for Holding.
1:53 of 2nd period - Jeff Carter wins face-off versus Cal Clutterbuck in Blues zone.
1:53 of 2nd period - Jeff Carter is hit by Niklas Kronwall.
1:57 of 2nd period - Shot by Andrej Sekera.
1:57 of 2nd period - Stopped by Ryan Miller with a rebound.
2:03 of 2nd period - Shot by Henrik Zetterberg.
2:03 of 2nd period - Shot Blocked by Niklas Kronwall.
2:05 of 2nd period - Shot by Andrej Sekera.
2:05 of 2nd period - Goal by Andrej Sekera - Blues : 1 - Lightning : 3.
2:06 of 2nd period - Jay McClement wins face-off versus Matt Hendricks in neutral zone.
2:18 of 2nd period - Brian Flynn is hit by Matt Hendricks and loses puck.
2:29 of 2nd period - Shot by Travis Zajac.
2:29 of 2nd period - Goal by Travis Zajac - Blues : 1 - Lightning : 4.
2:29 of 2nd period - Antti Niemi enters game.
2:30 of 2nd period - Jeff Carter wins face-off versus Mike Fisher in neutral zone.
2:58 of 2nd period - Shot by Henrik Zetterberg.
2:58 of 2nd period - Stopped by Antti Niemi without a rebound.
2:59 of 2nd period - Jay McClement wins face-off versus Henrik Sedin in Blues zone.
3:17 of 2nd period - Shot by Brian Gionta.
3:17 of 2nd period - Stopped by Kari Lehtonen without a rebound.
3:18 of 2nd period - Travis Zajac wins face-off versus Nick Cousins in Lightning zone.
3:30 of 2nd period - Shot by Travis Zajac.
3:30 of 2nd period - Stopped by Antti Niemi without a rebound.
3:31 of 2nd period - Mike Fisher wins face-off versus Jeff Carter in Blues zone.
3:40 of 2nd period - Mike Fisher is hit by Kyle Quincey and loses puck.
4:10 of 2nd period - Icing by Kyle Quincey.
4:11 of 2nd period - Jeff Carter wins face-off versus Jay McClement in Lightning zone.
4:11 of 2nd period - Jeff Carter is hit by Brian Flynn.
5:01 of 2nd period - Icing by Jay Bouwmeester.
5:02 of 2nd period - Travis Zajac wins face-off versus Jay McClement in Blues zone.
5:02 of 2nd period - Travis Zajac is hit by Niklas Kronwall.
5:12 of 2nd period - Shot by Travis Zajac.
5:12 of 2nd period - Shot Misses the Net.
5:14 of 2nd period - Shot by Tobias Rieder.
5:14 of 2nd period - Shot Misses the Net.
5:16 of 2nd period - Shot by Tobias Rieder.
5:16 of 2nd period - Deflect By Travis Zajac.
5:16 of 2nd period - Shot Misses the Net.
5:18 of 2nd period - Shot by Travis Zajac.
5:18 of 2nd period - Deflect By Tobias Rieder.
5:18 of 2nd period - Shot Blocked by Jay McClement.
6:27 of 2nd period - Shot by Johnny Gaudreau.
6:27 of 2nd period - Shot Misses the Net.
6:37 of 2nd period - Shot by Michael Raffl.
6:37 of 2nd period - Stopped by Kari Lehtonen without a rebound.
6:38 of 2nd period - Henrik Zetterberg wins face-off versus Mike Fisher in Lightning zone.
7:34 of 2nd period - Off-side.
7:35 of 2nd period - Henrik Sedin wins face-off versus Nick Cousins in neutral zone.
7:59 of 2nd period - Icing by John-Michael Liles.
8:00 of 2nd period - Nick Cousins wins face-off versus Vernon Fiddler in Blues zone.
8:00 of 2nd period - Nick Cousins is hit by Vernon Fiddler.
8:09 of 2nd period - Icing by Remi Elie.
8:10 of 2nd period - Vernon Fiddler wins face-off versus Jay McClement in Lightning zone.
8:20 of 2nd period - Shot by Vernon Fiddler.
8:20 of 2nd period - Stopped by Antti Niemi without a rebound.
8:21 of 2nd period - Mike Fisher wins face-off versus Jeff Carter in Blues zone.
8:46 of 2nd period - Shot by Jeff Carter.
8:46 of 2nd period - Shot Misses the Net.
8:48 of 2nd period - Shot by Henrik Zetterberg.
8:48 of 2nd period - Stopped by Antti Niemi without a rebound.
8:49 of 2nd period - Jay McClement wins face-off versus Henrik Sedin in Blues zone.
9:52 of 2nd period - Shot by Michael Raffl.
9:52 of 2nd period - Shot Misses the Net.
9:54 of 2nd period - Shot by Kris Versteeg.
9:54 of 2nd period - Stopped by Kari Lehtonen without a rebound.
9:55 of 2nd period - Jeff Carter wins face-off versus Mike Fisher in Lightning zone.
10:08 of 2nd period - Shot by Patric Hornqvist.
10:08 of 2nd period - Shot Blocked by Marian Hossa.
10:30 of 2nd period - Shot by Jay Bouwmeester.
10:30 of 2nd period - Shot Misses the Net.
10:32 of 2nd period - Shot by Marian Hossa.
10:32 of 2nd period - Stopped by Kari Lehtonen without a rebound.
10:33 of 2nd period - Jay McClement wins face-off versus Travis Zajac in Lightning zone.
12:53 of 2nd period - Shot by Mike Fisher.
12:53 of 2nd period - Stopped by Kari Lehtonen with a rebound.
13:11 of 2nd period - Shot by Clarke MacArthur.
13:11 of 2nd period - Shot Misses the Net.
13:15 of 2nd period - Shot by Jiri Hudler.
13:15 of 2nd period - Deflect By Cal Clutterbuck.
13:15 of 2nd period - Stopped by Kari Lehtonen without a rebound.
13:16 of 2nd period - Mike Fisher wins face-off versus Travis Zajac in Lightning zone.
13:16 of 2nd period - Mike Fisher is hit by Henrik Sedin.
13:33 of 2nd period - Cal Clutterbuck is hit by Kevin Klein and loses puck.
14:13 of 2nd period - Shot by Patric Hornqvist.
14:13 of 2nd period - Shot Misses the Net.
14:21 of 2nd period - Shot by Henrik Zetterberg.
14:21 of 2nd period - Stopped by Antti Niemi with a rebound.
14:23 of 2nd period - Shot by Patric Hornqvist.
14:23 of 2nd period - Stopped by Antti Niemi with a rebound.
14:25 of 2nd period - Shot by Jeff Carter.
14:25 of 2nd period - Stopped by Antti Niemi with a rebound.
14:27 of 2nd period - Shot by Jeff Carter.
14:27 of 2nd period - Shot Misses the Net.
14:29 of 2nd period - Shot by Erik Gudbranson.
14:29 of 2nd period - Stopped by Antti Niemi without a rebound.
14:30 of 2nd period - Vernon Fiddler wins face-off versus Nick Cousins in Blues zone.
15:09 of 2nd period - Icing by Andrej Sekera.
15:10 of 2nd period - Jay McClement wins face-off versus Vernon Fiddler in Lightning zone.
15:11 of 2nd period - Shot by Brian Gionta.
15:11 of 2nd period - Stopped by Kari Lehtonen with a rebound.
15:44 of 2nd period - Icing by Remi Elie.
15:45 of 2nd period - Marian Hossa wins face-off versus Vernon Fiddler in Lightning zone.
16:04 of 2nd period - Shot by Jeff Carter.
16:04 of 2nd period - Stopped by Antti Niemi with a rebound.
16:27 of 2nd period - Shot by Patric Hornqvist.
16:27 of 2nd period - Shot Blocked by Mike Fisher.
16:29 of 2nd period - Shot by Kevin Klein.
16:29 of 2nd period - Shot Misses the Net.
17:12 of 2nd period - Icing by Marian Hossa.
17:13 of 2nd period - Travis Zajac wins face-off versus Mike Fisher in Blues zone.
17:33 of 2nd period - Shot by Tobias Rieder.
17:33 of 2nd period - Stopped by Antti Niemi without a rebound.
17:34 of 2nd period - Jay McClement wins face-off versus Henrik Sedin in Blues zone.
17:56 of 2nd period - Off-side.
17:57 of 2nd period - Travis Zajac wins face-off versus Nick Cousins in neutral zone.
18:12 of 2nd period - Minor Penalty to Michael Raffl for Slashing.
18:13 of 2nd period - Brian Gionta wins face-off versus Jeff Carter in Blues zone.
18:13 of 2nd period - Brian Gionta is hit by Jeff Carter.
18:29 of 2nd period - Shot by Henrik Zetterberg.
18:29 of 2nd period - Deflect By Jeff Carter.
18:29 of 2nd period - Shot Misses the Net.
18:31 of 2nd period - Shot by Trevor Daley.
18:31 of 2nd period - Stopped by Antti Niemi without a rebound.
18:32 of 2nd period - Cal Clutterbuck wins face-off versus Henrik Sedin in Blues zone.
18:43 of 2nd period - John-Michael Liles is hit by Troy Brouwer and loses puck.
Goals for this period are 0 for Blues vs 2 for Lightning.
Shots for this period are 8 for Blues vs 14 for Lightning.

3rd period


0:01 of 3rd period - Jeff Carter wins face-off versus Mike Fisher in neutral zone.
0:04 of 3rd period - Shot by Trevor Daley.
0:04 of 3rd period - Goal by Trevor Daley - Blues : 1 - Lightning : 5.
0:05 of 3rd period - Mike Fisher wins face-off versus Jeff Carter in neutral zone.
1:03 of 3rd period - Icing by Erik Gudbranson.
1:04 of 3rd period - Troy Brouwer wins face-off versus Jay McClement in Lightning zone.
1:12 of 3rd period - Henrik Sedin is hit by Matt Irwin and loses puck.
1:15 of 3rd period - Shot by Troy Brouwer.
1:15 of 3rd period - Stopped by Antti Niemi without a rebound.
1:16 of 3rd period - Nick Cousins wins face-off versus Matt Hendricks in Blues zone.
1:37 of 3rd period - Shot by Travis Zajac.
1:37 of 3rd period - Shot Misses the Net.
1:39 of 3rd period - Shot by Tobias Rieder.
1:39 of 3rd period - Stopped by Antti Niemi with a rebound.
1:41 of 3rd period - Shot by Kevin Klein.
1:41 of 3rd period - Stopped by Antti Niemi with a rebound.
1:43 of 3rd period - Shot by Travis Zajac.
1:43 of 3rd period - Shot Misses the Net.
2:08 of 3rd period - Henrik Sedin is hit by Carl Gunnarsson and loses puck.
2:33 of 3rd period - Shot by Johnny Gaudreau.
2:33 of 3rd period - Stopped by Antti Niemi without a rebound.
2:34 of 3rd period - Mike Fisher wins face-off versus Jeff Carter in Blues zone.
2:36 of 3rd period - Icing by Jay Bouwmeester.
2:37 of 3rd period - Mike Fisher wins face-off versus Jeff Carter in Blues zone.
2:41 of 3rd period - Niklas Kronwall is hit by Erik Gudbranson and loses puck.
2:50 of 3rd period - Shot by Mike Fisher.
2:50 of 3rd period - Stopped by Kari Lehtonen without a rebound.
2:51 of 3rd period - Vernon Fiddler wins face-off versus Jay McClement in Lightning zone.
2:53 of 3rd period - Icing by Teddy Purcell.
2:54 of 3rd period - Vernon Fiddler wins face-off versus Mike Fisher in Lightning zone.
3:10 of 3rd period - Shot by Marian Hossa.
3:10 of 3rd period - Stopped by Kari Lehtonen with a rebound.
3:12 of 3rd period - Shot by Mike Fisher.
3:12 of 3rd period - Shot Misses the Net.
3:30 of 3rd period - Shot by Marian Hossa.
3:30 of 3rd period - Shot Misses the Net.
3:39 of 3rd period - Icing by Vernon Fiddler.
3:40 of 3rd period - Jay McClement wins face-off versus Vernon Fiddler in Lightning zone.
3:57 of 3rd period - Shot by Brian Flynn.
3:57 of 3rd period - Shot Misses the Net.
4:27 of 3rd period - Shot by Clarke MacArthur.
4:27 of 3rd period - Shot Misses the Net.
4:40 of 3rd period - Shot by Mike Fisher.
4:40 of 3rd period - Shot Misses the Net.
5:27 of 3rd period - Shot by Henrik Zetterberg.
5:27 of 3rd period - Shot Hit the Post.
5:29 of 3rd period - Shot by Trevor Daley.
5:29 of 3rd period - Stopped by Antti Niemi with a rebound.
5:31 of 3rd period - Shot by Henrik Zetterberg.
5:31 of 3rd period - Shot Blocked by Niklas Kronwall.
5:37 of 3rd period - Shot by Jeff Carter.
5:37 of 3rd period - Shot Misses the Net.
6:11 of 3rd period - Shot by Troy Brouwer.
6:11 of 3rd period - Stopped by Antti Niemi without a rebound.
6:12 of 3rd period - Matt Hendricks wins face-off versus Brian Gionta in Blues zone.
7:17 of 3rd period - Johnny Gaudreau is hit by Rick Nash.
10:35 of 3rd period - Shot by Brian Gionta.
10:35 of 3rd period - Goal by Brian Gionta - Blues : 2 - Lightning : 5.
10:36 of 3rd period - Jiri Hudler wins face-off versus Henrik Sedin in neutral zone.
10:58 of 3rd period - Kyle Quincey is hit by Cal Clutterbuck and loses puck.
11:03 of 3rd period - Shot by Clarke MacArthur.
11:03 of 3rd period - Deflect By Cal Clutterbuck.
11:03 of 3rd period - Stopped by Kari Lehtonen with a rebound.
11:05 of 3rd period - Shot by Matt Irwin.
11:05 of 3rd period - Shot Misses the Net.
12:44 of 3rd period - Shot by Rick Nash.
12:44 of 3rd period - Stopped by Kari Lehtonen without a rebound.
12:45 of 3rd period - Teddy Purcell wins face-off versus Rick Nash in Lightning zone.
12:58 of 3rd period - Shot by Teddy Purcell.
12:58 of 3rd period - Deflect By Remi Elie.
12:58 of 3rd period - Shot Hit the Post.
13:35 of 3rd period - Shot by Jeff Carter.
13:35 of 3rd period - Shot Misses the Net.
13:37 of 3rd period - Shot by Jeff Carter.
13:37 of 3rd period - Shot Blocked by Chris Wideman.
13:53 of 3rd period - Shot by Jeff Carter.
13:53 of 3rd period - Stopped by Antti Niemi with a rebound.
13:55 of 3rd period - Shot by Jeff Carter.
13:55 of 3rd period - Shot Misses the Net.
14:27 of 3rd period - Shot by Marian Hossa.
14:27 of 3rd period - Shot Blocked by Kevin Klein.
15:29 of 3rd period - Shot by Mike Fisher.
15:29 of 3rd period - Deflect By Kris Versteeg.
15:29 of 3rd period - Stopped by Kari Lehtonen with a rebound.
15:31 of 3rd period - Shot by Mike Fisher.
15:31 of 3rd period - Shot Misses the Net.
15:33 of 3rd period - Shot by Jay Bouwmeester.
15:33 of 3rd period - Stopped by Kari Lehtonen without a rebound.
15:34 of 3rd period - Henrik Sedin wins face-off versus Jay McClement in Lightning zone.
15:51 of 3rd period - Shot by Henrik Sedin.
15:51 of 3rd period - Shot Misses the Net.
16:03 of 3rd period - Shot by Rick Nash.
16:03 of 3rd period - Stopped by Kari Lehtonen without a rebound.
16:04 of 3rd period - Patric Hornqvist wins face-off versus Michael Raffl in Lightning zone.
16:20 of 3rd period - Shot by Henrik Zetterberg.
16:20 of 3rd period - Deflect By Patric Hornqvist.
16:20 of 3rd period - Shot Blocked by Matt Irwin.
17:06 of 3rd period - Shot by Cal Clutterbuck.
17:06 of 3rd period - Stopped by Kari Lehtonen without a rebound.
17:07 of 3rd period - Jay McClement wins face-off versus Henrik Sedin in Lightning zone.
17:08 of 3rd period - Shot by Brian Flynn.
17:08 of 3rd period - Shot Misses the Net.
17:10 of 3rd period - Shot by Chris Wideman.
17:10 of 3rd period - Stopped by Kari Lehtonen with a rebound.
17:30 of 3rd period - Shot by Troy Brouwer.
17:30 of 3rd period - Stopped by Antti Niemi without a rebound.
17:31 of 3rd period - Mike Fisher wins face-off versus Jeff Carter in Blues zone.
17:35 of 3rd period - Trevor Daley is hit by Mike Fisher and loses puck.
18:42 of 3rd period - Vernon Fiddler is hit by Mike Fisher and loses puck.
18:59 of 3rd period - Shot by Troy Brouwer.
18:59 of 3rd period - Shot Misses the Net.
19:34 of 3rd period - Niklas Kronwall is hit by Henrik Sedin and loses puck.
19:57 of 3rd period - Matt Hendricks is hit by Jay Bouwmeester and loses puck.
Goals for this period are 1 for Blues vs 1 for Lightning.
Shots for this period are 10 for Blues vs 9 for Lightning.